 Dungeon Crawl Stone Soup version 0.25-a0-975-gcae8493d64 (webtiles) character file.

Game seed: 424600564438424451, levelgen mode: deterministic

3519 Flugslaktarn the Cleaver (level 9, -4/81 HPs)
             Began as a Minotaur Fighter on May 9, 2020.
             Was a Follower of Uskayaw.
             Slain by a death yak (15 damage)
             ... on level 8 of the Dungeon.
             The game lasted 00:03:39 (6332 turns).

Flugslaktarn the Cleaver (Minotaur Fighter)         Turns: 6332, Time: 00:03:40

Health: -4/81      AC: 15    Str: 22      XL:     9   Next: 81%
Magic:  0/19       EV:  5    Int:  1 (5)  God:    Uskayaw [*.....]
Gold:   473        SH: 11    Dex: 10      Spells: 8/8 levels left

rFire    . . .     SeeInvis +   C - +4 eveningstar
rCold    . . .     Gourm    .   c - +0 kite shield
rNeg     . . .     Faith    .   g - +0 plate armour
rPois    .         Spirit   +   (helmet restricted)
rElec    .         Reflect  .   m - +1 cloak
rCorr    .         Harm     .   (no gloves)
MR       .....                  (no boots)
Stlth    ..........             w - amulet of guardian spirit
HPRegen  0.00/turn              o - ring of magical power
MPRegen  0.16/turn              i - ring of see invisible

@: mighty
A: retaliatory headbutt, horns 2, clumsy 1, low mp 1, inhibited regeneration
a: Stomp, Renounce Religion


You were on level 8 of the Dungeon.
You worshipped Uskayaw.
Uskayaw was noncommittal.
You were not hungry.

You visited 2 branches of the dungeon, and saw 9 of its levels.
You visited the Abyss 1 time.

You collected 473 gold pieces.

Inventory:

Hand Weapons
 a - a +0 war axe
 n - the +5 hand axe "Ecaesaq" {pain, rN+}
   (You found it on level 4 of the Dungeon)

   In the hands of one skilled in necromantic magic, it inflicts extra damage on
   living creatures.
   It protects you from negative energy.
 C - a +4 eveningstar (weapon)
   (You found it on level 2 of the Abyss)
Armour
 c - a +0 kite shield (worn)
 g - a +0 plate armour (worn)
   (You took it off an orc warrior on level 7 of the Dungeon)
 m - a +1 cloak (worn)
   (You found it on level 4 of the Dungeon)
Jewellery
 f - a +3 ring of intelligence {unknown}
   (You found it on level 1 of the Abyss)
 i - a ring of see invisible (right hand)
   (You found it on level 7 of the Dungeon)
 j - an uncursed ring of positive energy
   (You found it on level 4 of the Dungeon)
 o - a ring of magical power (left hand)
   (You found it on level 4 of the Dungeon)
 w - an amulet of guardian spirit (around neck)
   (You found it on level 5 of the Dungeon)
 z - an uncursed ring of ice {unknown}
   (You found it on level 7 of the Dungeon)
Wands
 v - a wand of digging (5)
   (You found it on level 8 of the Dungeon)
 A - a wand of enslavement (3)
   (You found it on level 1 of the Abyss)
Scrolls
 l - a scroll of immolation
 r - 2 scrolls of identify
 s - a scroll of enchant weapon {unknown}
 t - 3 scrolls of teleportation
 u - a scroll of fog
 x - 2 scrolls of remove curse
 y - a scroll of blinking {unknown}
 D - a scroll of random uselessness {unknown}
Potions
 b - a potion of resistance {unknown}
 h - a potion of haste
 k - a potion of flight
 p - 2 potions of lignification
 q - a potion of curing
Comestibles
 e - 11 rations
 B - a chunk of flesh


   Skills:
 + Level 7.9 Fighting
 * Level 10.3 Axes
 + Level 8.0 Armour
 + Level 8.0 Shields
 + Level 4.4 Invocations


You had 8 spell levels left.
You didn't know any spells.
Your spell library was empty.

Dungeon Overview and Level Annotations

Branches:
Dungeon (8/15)             Temple (1/1) D:4            Lair (0/6) D:8

Altars:
Ashenzari
Cheibriados
Dithmenos
Fedhas
Gozag
Hepliaklqana
Kikubaaqudgha
Makhleb
Nemelex Xobeh
Okawaru
Qazlal
Ru
Sif Muna
Trog
Uskayaw
Vehumet
Wu Jian
Xom
Yredelemnul
Zin
The Shining One

Annotations:
D:7 2 transporters, tevior's ghost, novice DDNe


Innate Abilities, Weirdness & Mutations

You reflexively headbutt those who attack you in melee.
You have a pair of horns on your head.
You are clumsy. (Dex -2)
Your magical capacity is low. (-10% MP)
You do not regenerate when monsters are visible.


Message History

You headbutt the death yak, but do no damage.
The death yak is lightly wounded.
The death yak gores you but does no damage.
Unknown command.
There is a stone staircase leading up here.
Okay, then.
You feel better.
The death yak gores you but does no damage.
Unknown command.
Unknown command.
You feel very mighty all of a sudden.
The death yak gores you but does no damage.
Unknown command.
Your shield and plate armour prevent you from hitting the death yak.
The death yak is lightly wounded.
You block the death yak's attack.
You sock the death yak! You headbutt the death yak.
The death yak is moderately wounded.
The death yak gores you!!
You die...

#.......#
###.#####
#.# ##.##
###...#
#..)#.#
#.#...#
#.##### #@#
#Y# #.# #.#
#.###
#.#.##
#....##
##.....##
##.......##


You could see a death yak.

Vanquished Creatures
  A worldbinder (Abyss:1)
  A small abomination (Abyss:2)
  A neqoxec (Abyss:1)
  A hungry ghost (D:8)
  A hornet zombie (D:7)
  A sky beast (D:5)
  4 ice beasts
  3 orc warriors
  An eye of draining (D:8)
  An ogre (D:4)
  2 centaurs
  3 bullfrogs
  A water moccasin zombie (D:6)
  2 scorpions
  3 killer bees (D:7)
  A howler monkey (D:6)
  4 crimson imps
  4 jellies
  2 orc priests
  A centaur skeleton (D:4)
  A gnoll shaman (D:7)
  3 hounds
  An orc wizard (D:5)
  A bullfrog skeleton (D:4)
  2 iron imps
  2 iguanas
  9 worker ants
  2 hound zombies
  8 adders
  6 gnolls
  A shadow imp (D:6)
  An adder zombie (D:7)
  An adder skeleton (D:4)
  A worm (D:4)
  A dart slug (D:4)
  4 leopard geckos
  13 orcs
  3 giant cockroaches
  A goblin (D:1)
  A hobgoblin (D:1)
  A jackal (D:6)
  7 quokkas
  4 ball pythons
  A bat (D:1)
  3 frilled lizards
  2 giant cockroach zombies (D:5)
  3 kobolds
  A leopard gecko zombie (D:6)
  A quokka zombie (D:7)
  2 rats (D:2)
125 creatures vanquished.

Notes
Turn   | Place    | Note
-------+----------+-------------------------------------------
     0 | D:1      | Flugslaktarn the Minotaur Fighter began the quest for the
                  | Orb.
     0 | D:1      | Reached XP level 1. HP: 19/19 MP: 0/0
   227 | D:2      | Reached XP level 2. HP: 22/27 MP: 1/1
   342 | D:2      | Reached skill level 3 in Axes
   626 | D:4      | Reached XP level 3. HP: 33/33 MP: 2/2
   630 | D:4      | Reached XP level 4. HP: 40/40 MP: 3/3
   632 | D:4      | Reached skill level 4 in Axes
   818 | D:4      | Found a staircase to the Ecumenical Temple.
   818 | D:4      | Noticed an ogre
   819 | D:4      | Got an iridescent hand axe
   820 | D:4      | Identified the +5 hand axe "Ecaesaq" {pain, rN+} (You found
                  | it on level 4 of the Dungeon)
   930 | D:5      | Entered Level 5 of the Dungeon
   930 | D:5      | Noticed a centaur
   937 | D:5      | Killed a centaur
   937 | D:5      | Reached XP level 5. HP: 35/47 MP: 4/4
  1068 | D:5      | Reached skill level 5 in Axes
  1390 | D:4      | Reached XP level 6. HP: 50/55 MP: 5/5
  1605 | D:5      | Noticed a sky beast
  1612 | D:5      | Killed a sky beast
  1612 | D:5      | Reached skill level 5 in Fighting
  1612 | D:5      | Reached skill level 5 in Armour
  1612 | D:5      | Reached skill level 5 in Shields
  1903 | D:5      | Reached skill level 6 in Axes
  1907 | D:5      | Reached XP level 7. HP: 48/61 MP: 6/6
  2263 | Temple   | Entered the Ecumenical Temple
  2442 | Temple   | Became a worshipper of Uskayaw the Reveler
  2611 | D:4      | Reached * piety under Uskayaw
  2615 | D:4      | Reached ** piety under Uskayaw
  2948 | D:4      | Reached skill level 1 in Invocations
  3247 | D:5      | Reached skill level 7 in Axes
  3463 | D:6      | Reached *** piety under Uskayaw
  3464 | D:6      | Reached **** piety under Uskayaw
  3471 | D:6      | Reached ***** piety under Uskayaw
  3472 | D:6      | Reached XP level 8. HP: 55/70 MP: 8/8
  3858 | D:6      | Reached skill level 8 in Axes
  4208 | D:7      | Found a transporter.
  4220 | D:7      | Found a transporter.
  4220 | D:7      | Identified the +10 glaive "Boingial" {antimagic, rC- Str+4
                  | Int+8}
  4220 | D:7      | Noticed a tengu warrior
  4227 | D:7      | Noticed tevior's ghost (novice DDNe)
  4227 | D:7      | Noticed a moth of wrath
  4741 | D:7      | Cast into level 1 of the Abyss (gnoll)
  4787 | Abyss:1  | Noticed a worldbinder
  4793 | Abyss:1  | Noticed a deep elf mage
  4793 | Abyss:1  | Noticed a deep elf knight
  4793 | Abyss:1  | Noticed a deep elf archer
  4796 | Abyss:1  | Killed a worldbinder
  4796 | Abyss:1  | Reached skill level 9 in Axes
  4796 | Abyss:1  | Reached XP level 9. HP: 58/79 MP: 10/10
  4822 | Abyss:1  | Gained mutation: Your magical capacity is low. (-10% MP) [a
                  | neqoxec]
  4829 | Abyss:1  | Gained mutation: You do not regenerate when monsters are
                  | visible. [a neqoxec]
  4833 | Abyss:1  | Lost intelligence.
  4835 | Abyss:1  | Gained mutation: You are clumsy. (Dex -2) [a neqoxec]
  5010 | D:7      | Escaped the Abyss
  6017 | D:8      | Reached skill level 10 in Axes
  6276 | D:8      | Noticed a death yak
  6277 | D:8      | Found a staircase to the Lair.
  6311 | D:8      | HP: 1/81 [death yak (12)]
  6332 | D:8      | Slain by a death yak

Illustrated notes

Levels and vault maps discovered:
D:1:      eino_arrival_tree_alley, layout_basic, minmay_vboxes
D:2:      minmay_recursive_quarters, layout_basic
D:3:      layout_rooms, first_ration, uniq_terence, uniq_ijyb
D:4:      layout_loops_ring, minmay_temple_entry_from_below_a
D:5:      layout_loops_ring
D:6:      layout_basic, minmay_bent
D:7:      minmay_bubble_buster, layout_basic, gammafunk_ghost_wrathful_warriors
D:8:      cheibrodos_fzero, layout_loops_ring, dpeg_lair_monsters
Temple:   kilobyte_greek_temple

Skill      XL: |  1  2  3  4  5  6  7  8  9 |
---------------+----------------------------+-----
Axes           | 3 4 5 6 7 9 10 | 10.3
Fighting       | 4 5 6 7 |  7.9
Armour         | 4 5 6 7 8 |  8.0
Shields        | 4 5 6 7 8 |  8.0
Invocations    | 1 3 4 |  4.4

Action                   |  1- 3 |  4- 6 |  7- 9 || total
-------------------------+-------+-------+-------++-------
Melee: War axe           |    60 |    11 |       ||    71
       Headbutt          |     6 |    16 |    59 ||    81
       Hand axe          |       |    73 |   201 ||   274
       Eveningstar       |       |       |    93 ||    93
  Use: Scroll            |       |       |    11 ||    11
       Potion            |       |       |     2 ||     2
 Stab: Paralysed         |       |       |    12 ||    12
  Eat: Chunk             |       |     3 |     9 ||    12
       Ration            |       |       |     3 ||     3
Armor: Scale mail        |    46 |    22 |    33 ||   101
       Plate armour      |       |       |   106 ||   106
Dodge: Dodged            |    24 |    22 |    86 ||   132
Block: Kite shield       |    46 |    36 |   168 ||   250

Table legend:
 A = Non-vault XP
 B = Vault XP
 C = Vault XP percentage of total XP
 D = Non-vault monster count
 E = Vault monster count
 F = Vault count percentage of total count
                 A         B        C        D         E       F
            +---------+---------+-------+---------+---------+-------
      Total |    4539 |     489 |   9.7 |     110 |      15 |  12.0
            +---------+---------+-------+---------+---------+-------
        D:1 |       8 |       0 |   0.0 |       6 |       0 |   0.0
        D:2 |      14 |       0 |   0.0 |       8 |       0 |   0.0
        D:3 |      17 |       0 |   0.0 |       3 |       0 |   0.0
        D:4 |     545 |       0 |   0.0 |      23 |       0 |   0.0
        D:5 |     666 |       0 |   0.0 |      21 |       0 |   0.0
        D:6 |     626 |     159 |  20.3 |      13 |       5 |  27.8
        D:7 |     906 |     330 |  26.7 |      18 |      10 |  35.7
        D:8 |     765 |       0 |   0.0 |      13 |       0 |   0.0
    Abyss:1 |     709 |       0 |   0.0 |       3 |       0 |   0.0
    Abyss:2 |     283 |       0 |   0.0 |       2 |       0 |   0.0
            +---------+---------+-------+---------+---------+-------
